Map: Terraform LE (Void)

Players

Jade

  • Race: Terran Terran
  • League: Diamond

PAIN - Winner!

  • Race: Protoss Protoss
  • League: Diamond

Event: Lycan League Weekly September #1

VOD

Have the link to the VOD?

Description

Time

  • Played on: Sept. 21, 2015, 12:23 p.m.
  • Length: 10:38

All games in this series

Show
View Real Time Build Order
Export as new Build Order

Jade Terran 

Build Orders: MMM Bio, Banshee Rush 

Get SALT Encoding   

  12  0:01  SCV  
  13  0:13  SCV  
  14  0:20  Supply Depot  
  14  0:25  SCV  
  15  0:38  Refinery  
  15  0:43  Barracks  
  15  0:45  SCV  
  16  0:57  SCV  
  17  1:09  SCV  
  18  1:11  Supply Depot  
  18  1:27  SCV  
  19  1:35  Marine  
  19  1:39  Orbital Command  
  20  1:53  Marine  
  21  2:06  SCV  
  22  2:11  Command Center  
  22  2:13  Factory  
  22  2:15  Marine  
  23  2:23  Factory  
  23  2:32  SCV, Marine  
  23  2:34  Bunker  
  24  2:46  SCV  
  24  2:50  Marine  
  27  2:58  SCV  
  27  3:06  Factory Tech Lab  
  27  3:08  Starport, Marine  
  27  3:10  SCV  
  29  3:15  Supply Depot, Refinery  
  29  3:24  Orbital Command  
  29  3:26  Bunker  
  29  3:27  SCV  
  27  3:44  Orbital Command, Marine  
  27  3:45  SCV  
  29  3:54  Factory Tech Lab  
  29  3:55  Banshee, Cloaking Field  
  32  3:58  SCV  
  32  4:02  Marine  
  34  4:10  SCV x2  
  34  4:14  Refinery  
  34  4:15  Siege Tank  
  39  4:22  SCV x2  
  41  4:32  Engineering Bay  
  41  4:34  SCV x2  
  41  4:37  Banshee  
  41  4:38  Marine  
  47  4:49  SCV  
  48  4:53  SCV  
  48  4:55  Marine  
  50  5:01  SCV  
  50  5:02  Supply Depot  
  50  5:04  Barracks  
  50  5:06  Barracks  
  52  5:10  Supply Depot  
  52  5:11  Supply Depot, Siege Tank  
  54  5:16  Barracks Reactor  
  54  5:23  SCV x2  
  53  5:38  Barracks  
  53  5:40  Terran Infantry Weapons Level 1  
  53  5:41  SCV x2  
  53  5:42  Engineering Bay, Barracks  
  55  5:54  Barracks Reactor, Barracks Tech Lab  
  55  5:56  SCV  
  56  6:03  Refinery, Medivac x2  
  60  6:05  Barracks Tech Lab  
  60  6:08  SCV  
  61  6:14  SCV, Terran Infantry Armor Level 1  
  61  6:15  Concussive Shells  
  62  6:24  Marauder  
  64  6:25  Stimpack  
  64  6:29  Marauder  
  64  6:30  SCV  
  64  6:31  SCV  
  68  6:33  Combat Shields  
  68  6:42  Marine  
  68  6:43  SCV x2, Marine x2  
  73  6:56  Medivac x2  
  73  6:59  Marine x3  
  73  7:00  Marine  
  78  7:10  Marine  
  78  7:11  Marauder  
  78  7:14  SCV x2  
  83  7:17  Armory, Marauder  
  83  7:19  Supply Depot  
  83  7:20  Supply Depot  
  85  7:26  Marine  
  85  7:27  Marauder  
  85  7:28  Marine, Marauder  
  86  7:31  Missile Turret  
  84  7:38  Missile Turret  
  84  7:47  Marine x2  
  86  7:54  Marauder  
  86  7:55  SCV x2  
  86  7:57  Medivac  
  85  7:59  Medivac  
  86  8:12  Marine x3  
  86  8:13  SCV, Marauder x2  
  94  8:33  Medivac  
  92  8:36  Marauder  
  92  8:40  Supply Depot  
  94  8:41  Supply Depot  
  94  8:42  Supply Depot  
  94  8:51  Marine  
  94  8:53  Marauder  
  88  8:57  Marauder, Marine  
  90  9:04  Marine  
  90  9:05  Medivac, Marauder  
  90  9:09  Marine  
  91  9:14  Marine  
  91  9:15  Medivac, Marine  
  81  9:18  Marine  
  81  9:22  Marine  
  83  9:26  Marine  
  83  9:27  Marine  
  83  9:28  SCV  
  83  9:29  SCV  
  84  9:40  Marine  
  84  9:41  Marine  
  82  9:47  Marauder x2, Marine x2  
  82  9:49  Medivac  
  90  9:55  SCV x2  
  90  9:58  Marine  
  93  10:01  Marauder  
  93  10:06  Marauder  
  97  10:07  SCV, Marine  
  97  10:08  Marine  
  97  10:11  Marauder  
Show
View Real Time Build Order
Export as new Build Order

PAIN Protoss - Winner!

Build Orders: Phoenix Opening, Blink Stalkers 

Get SALT Encoding   

  12  0:00  Probe (Chrono Boost)  
  13  0:10  Probe (Chrono Boost)  
  14  0:18  Pylon  
  14  0:21  Probe (Chrono Boost)  
  15  0:36  Probe (Chrono Boost)  
  15  0:38  Gateway  
  16  0:46  Probe (Chrono Boost)  
  17  0:55  Probe (Chrono Boost)  
  18  0:57  Assimilator  
  18  1:03  Assimilator  
  18  1:05  Probe (Chrono Boost)  
  19  1:15  Probe (Chrono Boost)  
  19  1:16  Pylon  
  20  1:25  Probe (Chrono Boost)  
  21  1:35  Cybernetics Core, Probe (Chrono Boost)  
  22  1:45  Probe (Chrono Boost)  
  23  1:56  Probe (Chrono Boost)  
  23  2:01  Nexus  
  24  2:10  Mothership Core (Chrono Boost)  
  24  2:13  Adept  
  27  2:21  Warp Gate  
  27  2:31  Probe (Chrono Boost)  
  27  2:32  Pylon  
  28  2:41  Probe (Chrono Boost)  
  29  2:44  Twilight Council  
  29  2:46  Sentry  
  31  2:52  Probe (Chrono Boost)  
  32  3:03  Pylon  
  32  3:06  Probe (Chrono Boost)  
  32  3:07  Pylon  
  32  3:12  Gateway  
  33  3:13  Probe (Chrono Boost)  
  33  3:16  Probe (Chrono Boost)  
  35  3:23  Probe (Chrono Boost)  
  35  3:26  Probe (Chrono Boost)  
  37  3:36  Probe (Chrono Boost)  
  37  3:37  Probe (Chrono Boost)  
  37  3:41  Gateway  
  37  3:44  Robotics Facility  
  37  3:45  Blink (Chrono Boost)  
  37  3:46  Probe (Chrono Boost)  
  38  3:52  Probe (Chrono Boost), Phoenix  
  39  3:57  Probe  
  39  4:01  Probe  
  40  4:04  Pylon  
  40  4:09  Probe, Forge  
  42  4:15  Protoss Air Weapons Level 1, Assimilator  
  42  4:17  Assimilator  
  42  4:19  Probe  
  42  4:22  Probe  
  44  4:29  Pylon  
  44  4:30  Pylon  
  44  4:33  Observer  
  44  4:34  Stalker  
  44  4:37  Stalker  
  49  4:39  Probe  
  49  4:43  Probe  
  49  4:45  Photon Cannon  
  51  4:51  Probe  
  52  4:53  Probe  
  52  4:54  Stargate  
  53  5:03  Probe, Observer, Photon Cannon  
  53  5:06  Probe  
  56  5:14  Stalker x2  
  56  5:19  Stalker  
  62  5:24  Pylon  
  62  5:29  Warp Prism  
  62  5:34  Probe  
  65  5:36  Dark Shrine  
  65  5:38  Stalker  
  65  5:42  Stalker  
  69  5:44  Phoenix (Chrono Boost)  
  71  5:52  Stalker  
  71  5:55  Probe  
  71  5:56  Probe, Protoss Ground Weapons Level 1 (Chrono Boost)  
  75  6:07  Probe  
  76  6:14  Probe  
  77  6:22  Nexus  
  77  6:23  Pylon  
  77  6:29  Stalker x3  
  77  6:32  Observer  
  83  6:34  Gateway  
  82  7:01  Probe  
  82  7:02  Probe  
  82  7:04  Dark Templar x2  
  82  7:05  Stalker  
  90  7:14  Probe x2  
  92  7:18  Robotics Bay  
  92  7:19  Gateway  
  92  7:20  Gateway  
  92  7:21  Gateway  
  92  7:26  Probe x2  
  94  7:30  Immortal  
  94  7:34  Probe  
  95  7:39  Robotics Facility  
  97  7:59  Sentry  
  97  8:00  Charge  
  97  8:04  Probe x2  
  97  8:05  Probe  
  98  8:07  Assimilator  
  98  8:09  Assimilator  
  98  8:10  Protoss Ground Weapons Level 2 (Chrono Boost)  
  99  8:12  Pylon  
  99  8:13  Pylon  
  99  8:15  Pylon  
  99  8:16  Probe, Pylon  
  99  8:17  Probe  
  99  8:18  Probe  
  102  8:32  Warp Prism  
  102  8:33  Stalker  
  102  8:34  Stalker x4  
  112  8:43  Probe  
  112  8:46  Probe  
  114  8:54  Pylon  
  106  8:57  Pylon  
  106  8:58  Adept x4  
  106  8:59  Adept  
  106  9:01  Immortal  
  113  9:05  Immortal  
  111  9:18  Adept x2  
  111  9:20  Zealot x5  
  111  9:21  Probe x2  
  111  9:22  Probe  
  128  9:34  Pylon  
  128  9:37  Pylon  
  128  9:38  Gateway  
  128  9:39  Gateway  
  128  9:45  Disruptor (Chrono Boost)  
  128  9:50  Disruptor (Chrono Boost)  
  134  9:54  Zealot x3  
  134  9:55  Dark Templar  
  142  10:05  Dark Templar  
  144  10:09  Zealot x2  
  146  10:30  Zealot x5  
  146  10:31  Zealot  

Tags
 
Add a new tag
Caveats
  • Supply blocks, unpowered buildings, or Contaminate may cause inaccurate times.
  • Supply counts are checked every 10 seconds.